Phantoms vs Checkers 2

Created - 11 novembre 2023 at 20:30

Goals
1 2 3 T
Phantoms 1 0 0 1
Checkers 2 0 2 1 3
Shots
1 2 3 T
Phantoms 10 14 2 26
Checkers 2 8 17 5 30

GoalsPenalties
1st period
1. Phantoms , Chase Wouters 8 (Riley Barber 17, Andreas Johnsson 18) at 14:45
Joel Hanley (SEA) for Fighting (Major) at 8:00
Andreas Johnsson (PHI) for Fighting (Major) at 8:00
Laurent Dauphin (SEA) for Fighting (Major) at 8:19
Dean Stewart (PHI) for Fighting (Major) at 8:19
Cale Fleury (SEA) for Hooking (Minor) at 15:26
2nd period
2. Checkers 2 , Laurent Dauphin 15 (Max Pacioretty 19) at 9:12 (PP)
3. Checkers 2 , Brett Ritchie 17 (Laurent Dauphin 32, Max Pacioretty 20) at 17:30 (PP)
Layton Ahac (PHI) for Interference (Minor) at 0:59
Tuukka Tieksola (PHI) for Cross-checking (Minor) at 9:08
Dean Stewart (PHI) for Slashing (Minor) at 15:50
David Rittich (SEA) for Delaying the game (Minor) at 18:21 - Nathan Walker served the penalty
3rd period
4. Checkers 2 , Hudson Fasching 6 (Parker Kelly 18, Joel Hanley 8) at 10:17
Joel Kiviranta (SEA) for Hooking (Minor) at 2:33
Goalie Stats
Malcolm Subban (PHI), 27 saves from 30 shots - (0,900), L, 17-11-2, 60:00 minutes
David Rittich (SEA), 25 saves from 26 shots - (0,962), W, 24-7-2, 60:00 minutes
3 StarsOfficial
1 - David Rittich (SEA)
2 - Hudson Fasching (SEA)
3 - Parker Kelly (SEA)
Referees : Dan O'Rourke and Corey Syvret
Linesman : Owen Gidlow and C.J. Murray
Game Note
Andreas Johnsson beats up Joel Hanley at 8:00 of 1st period
Dean Stewart beats up Laurent Dauphin at 8:19 of 1st period



Team Name Goals Shots Shots Attemp Shots Blocked PIM HIT PP PK FO%
Phantoms 12643181680 / 3 (0%)233%
Checkers 2 33058916232 / 3 (67%)067%

Phantoms
Player Name POS G A P +/- PIM HIT SHT SB MP PP MP PP SHT PK MP PK SHT FO% FOT GA TA
Andreas JohnssonLW/RW0111521123:043:3702:47013% 811
Austin OsmanskiD0000000218:211:4400:5800% 001
Ben FinkelsteinD0000000011:590:0001:4000% 001
Chase WoutersC1011013121:283:3710:28033% 2111
Cole KoepkeLW/RW000-1012115:380:0100:0000% 020
Cole ReinhardtLW000-1004016:370:0100:28050% 200
Curtis DouglasC000000001:400:0000:000100% 100
Dean StewartD0000705121:004:1301:0500% 000
Eric WilliamsD000000007:260:0000:0000% 000
Frank HoraD0000002218:341:4400:5800% 000
Garrett WilsonLW0000000121:462:1902:470100% 100
Kyle MacLeanC000-1010116:080:0100:00040% 1010
Layton AhacD0000201111:590:0000:0000% 000
Peter AbbandonatoC0000002218:182:1910:28018% 1111
Riley BarberRW0111024222:533:3730:2800% 100
Steven SantiniD000000016:570:0000:0000% 001
Tuukka TieksolaRW0000200117:452:1900:000100% 210
Wyatte WylieD0000012124:394:1312:4500% 030
Checkers 2
Player Name POS G A P +/- PIM HIT SHT SB MP PP MP PP SHT PK MP PK SHT FO% FOT GA TA
Alex BelzileC/RW000001004:060:0000:0000% 000
Alex GalchenyukC/LW/RW000000005:580:4701:46050% 200
Brett RitchieRW101-1025021:372:5130:0000% 001
Cale FleuryD0000201122:030:0001:3800% 013
Colton WhiteD0001001124:123:0700:0000% 000
Conor TimminsD0000011226:380:3604:1900% 012
Hudson FaschingRW1011012012:010:0000:000100% 100
Jake ChristiansenD000000000:000:0000:0000% 000
Joel HanleyD0110503527:463:0703:0700% 001
Joel KivirantaLW/RW0000205020:510:5002:19150% 200
Laurent DauphinC112-1536020:312:5330:30072% 2900
Max PaciorettyLW022-1033021:382:5320:0000% 010
Michael Del ZottoD000000007:120:3600:0000% 000
Nathan WalkerLW0000022017:460:5001:360100% 121
Parker KellyC/LW0111041015:450:0002:37050% 601
Scott HarringtonD000-1010012:310:0002:5000% 001
Sheldon DriesC0000030020:410:0503:06063% 1600
Wayne SimmondsLW/RW0001020012:430:0000:0000% 010

Phantoms

5 vs 5 Forward
Line #Left WingCenterRight WingPHYDFOFWanted %Time %Time Play
1Andreas JohnssonChase WoutersRiley Barber1224036%18:06
2Garrett WilsonPeter AbbandonatoTuukka Tieksola1223033%16:40
3Cole ReinhardtKyle MacLeanCole Koepke1222028%13:55
4Andreas JohnssonRiley BarberGarrett Wilson122103%1:39
5 vs 5 Defense
Line #DefenseDefensePHYDFOFWanted %Time %Time Play
1Dean StewartWyatte Wylie1224035%17:41
2Austin OsmanskiFrank Hora1223031%15:39
3Layton AhacBen Finkelstein1222020%10:03
4Eric WilliamsSteven Santini1221014%6:57
Power Play Forward
Line #Left WingCenterRight WingPHYDFOFWanted %Time %Time Play
1Andreas JohnssonChase WoutersRiley Barber1226061%3:38
2Garrett WilsonPeter AbbandonatoTuukka Tieksola1224039%2:19
Power Play Defense
Line #DefenseDefensePHYDFOFWanted %Time %Time Play
1Dean StewartWyatte Wylie1226071%4:13
2Austin OsmanskiFrank Hora1224029%1:44
Penalty Kill 4 Players Forward
Line #CenterWingPHYDFOFWanted %Time %Time Play
1Andreas JohnssonGarrett Wilson1226087%3:15
2Riley BarberChase Wouters1224013%0:28
Penalty Kill 4 Players Defense
Line #DefenseDefensePHYDFOFWanted %Time %Time Play
1Dean StewartWyatte Wylie1226074%2:45
2Austin OsmanskiFrank Hora1224026%0:58
Penalty Kill 3 Players
Line #WingPHYDFOFWanted %Time %Time PlayDefenseDefensePHYDFOFWanted %Time %Time Play
1Andreas Johnsson122600%0:00 Dean StewartWyatte Wylie122600%0:00
2Garrett Wilson122400%0:00 Austin OsmanskiFrank Hora122400%0:00
4 vs 4 Forward
Line #CenterWingPHYDFOFWanted %Time %Time Play
1Andreas JohnssonGarrett Wilson122600%0:00
2Riley BarberChase Wouters122400%0:00
4 vs 4 Defense
Line #DefensePHYDFOFWanted %Time %Time Play
1Dean StewartWyatte Wylie122600%0:00
2Austin OsmanskiFrank Hora122400%0:00
Last Minutes Offensive
Left WingCenterRight WingDefenseDefense
Andreas JohnssonChase WoutersRiley BarberDean StewartWyatte Wylie
Last Minutes Defensive
Left WingCenterRight WingDefenseDefense
Andreas JohnssonChase WoutersRiley BarberDean StewartWyatte Wylie
Time
Total ForwardTotal DefenseLast Minutes OffensiveLast Minutes Defensive
60:00 60:00 0:000:00
Extra Forwards
Normal PowerPlayPenalty Kill
Kyle MacLean, Cole Reinhardt, Andreas JohnssonKyle MacLean, Cole ReinhardtAndreas Johnsson
Extra Defensemen
Normal PowerPlayPenalty Kill
Layton Ahac, Ben Finkelstein, Eric WilliamsLayton Ahac, Ben FinkelsteinEric Williams
Penalty Shots
Andreas Johnsson, Garrett Wilson, Riley Barber, Chase Wouters, Peter Abbandonato
Goalie
Malcolm Subban, Matthew Villalta
Scratches
Austin Strand (Healthy), Aaron Ness (Strained Left Elbow Injury), Colt Conrad (Healthy), David Cotton (Healthy), Erik Brown (Healthy) Danick Martel (Healthy), Liam Kirk (Healthy), Ken Appleby (Healthy), Daniel Mannella (Healthy)

Checkers 2

5 vs 5 Forward
Line #Left WingCenterRight WingPHYDFOFWanted %Time %Time Play
1Max PaciorettyLaurent DauphinBrett Ritchie0234540%20:06
2Nathan WalkerSheldon DriesJoel Kiviranta0233028%14:07
3Wayne SimmondsParker KellyHudson Fasching0322024%12:01
4Joel KivirantaSheldon DriesAlex Belzile03258%4:06
5 vs 5 Defense
Line #DefenseDefensePHYDFOFWanted %Time %Time Play
1Joel HanleyColton White0325042%21:10
2Conor TimminsCale Fleury0323038%19:16
3Scott HarringtonJoel Hanley0321017%8:21
4Joel HanleyConor Timmins032103%1:33
Power Play Forward
Line #Left WingCenterRight WingPHYDFOFWanted %Time %Time Play
1Max PaciorettyLaurent DauphinBrett Ritchie0236078%2:53
2Nathan WalkerBrett RitchieJoel Kiviranta0234022%0:50
Power Play Defense
Line #DefenseDefensePHYDFOFWanted %Time %Time Play
1Joel HanleyColton White0236084%3:07
2Conor TimminsMichael Del Zotto0234016%0:36
Penalty Kill 4 Players Forward
Line #CenterWingPHYDFOFWanted %Time %Time Play
1Sheldon DriesJoel Kiviranta0505057%3:22
2Parker KellyNathan Walker0505043%2:35
Penalty Kill 4 Players Defense
Line #DefenseDefensePHYDFOFWanted %Time %Time Play
1Joel HanleyConor Timmins1316052%3:07
2Scott HarringtonCale Fleury1314048%2:50
Penalty Kill 3 Players
Line #WingPHYDFOFWanted %Time %Time PlayDefenseDefensePHYDFOFWanted %Time %Time Play
1Wayne Simmonds050600%0:00 Joel HanleyConor Timmins041600%0:00
2Hudson Fasching050400%0:00 Scott HarringtonCale Fleury041400%0:00
4 vs 4 Forward
Line #CenterWingPHYDFOFWanted %Time %Time Play
1Laurent DauphinMax Pacioretty032500%0:00
2Sheldon DriesBrett Ritchie032500%0:00
4 vs 4 Defense
Line #DefensePHYDFOFWanted %Time %Time Play
1Joel HanleyColton White032600%0:00
2Conor TimminsCale Fleury032400%0:00
Last Minutes Offensive
Left WingCenterRight WingDefenseDefense
Max PaciorettySheldon DriesBrett RitchieJoel HanleyMichael Del Zotto
Last Minutes Defensive
Left WingCenterRight WingDefenseDefense
Nathan WalkerLaurent DauphinJoel KivirantaConor TimminsScott Harrington
Time
Total ForwardTotal DefenseLast Minutes OffensiveLast Minutes Defensive
60:00 60:00 0:000:00
Extra Forwards
Normal PowerPlayPenalty Kill
Nathan Walker, Laurent Dauphin, Brett RitchieLaurent Dauphin, Brett RitchieNathan Walker
Extra Defensemen
Normal PowerPlayPenalty Kill
Joel Hanley, Conor Timmins, Michael Del ZottoJoel Hanley, Conor TimminsScott Harrington
Penalty Shots
Max Pacioretty, Sheldon Dries, Brett Ritchie, Nathan Walker, Laurent Dauphin
Goalie
David Rittich, Pavel Francouz
Scratches
Gage Quinney (Healthy), Xavier Ouellet (Healthy), Jeremy Davies (Healthy), Martin Kaut (Healthy), Mikhail Maltsev (Healthy) Noah Juulsen (Healthy), Victor Mete (Left Leg Injury), Nate Thompson (Healthy), Radim Zohorna (Healthy), Patrick Guay (Healthy) Maxime Lagace (Healthy), Zach Sawchenko (Healthy)


Play-by-Play

1st period


0:01 of 1st period - Laurent Dauphin wins face-off versus Andreas Johnsson in neutral zone.
0:10 of 1st period - Slapshot by Andreas Johnsson.
0:10 of 1st period - Stopped by David Rittich with a rebound.
0:26 of 1st period - Peter Abbandonato is hit by Nathan Walker and loses puck.
0:35 of 1st period - Slapshot by Nathan Walker.
0:35 of 1st period - Stopped by Malcolm Subban with a rebound.
0:37 of 1st period - Slapshot by Conor Timmins.
0:37 of 1st period - Shot Blocked by Dean Stewart.
1:09 of 1st period - Slapshot by Dean Stewart.
1:09 of 1st period - Stopped by David Rittich without a rebound.
1:10 of 1st period - Chase Wouters wins face-off versus Laurent Dauphin in Checkers 2 zone.
1:16 of 1st period - Off-side.
1:17 of 1st period - Garrett Wilson wins face-off versus Sheldon Dries in neutral zone.
1:20 of 1st period - Joel Hanley is hit by Andreas Johnsson and loses puck.
1:45 of 1st period - Backhand shot by Cole Reinhardt.
1:45 of 1st period - Shot Blocked by Joel Hanley.
1:47 of 1st period - Snap shot by Cole Reinhardt.
1:47 of 1st period - Shot Blocked by Joel Hanley.
1:49 of 1st period - Snap shot by Frank Hora.
1:49 of 1st period - Stopped by David Rittich without a rebound.
1:50 of 1st period - Sheldon Dries wins face-off versus Kyle MacLean in Checkers 2 zone.
2:37 of 1st period - Peter Abbandonato is hit by Parker Kelly and loses puck.
2:46 of 1st period - Wrist shot by Wayne Simmonds.
2:46 of 1st period - Shot Blocked by Tuukka Tieksola.
6:21 of 1st period - Icing by Kyle MacLean.
6:22 of 1st period - Kyle MacLean wins face-off versus Parker Kelly in Phantoms zone.
6:42 of 1st period - Ben Finkelstein is hit by Max Pacioretty and loses puck.
7:44 of 1st period - Off-side.
7:45 of 1st period - Tuukka Tieksola wins face-off versus Joel Kiviranta in neutral zone.
7:48 of 1st period - Slapshot by Garrett Wilson.
7:48 of 1st period - Shot Blocked by Joel Hanley.
7:54 of 1st period - Garrett Wilson is hit by Nathan Walker and loses puck.
7:59 of 1st period - Snap shot by Joel Kiviranta.
7:59 of 1st period - Stopped by Malcolm Subban without a rebound.
8:00 of 1st period - Chase Wouters wins face-off versus Laurent Dauphin in Phantoms zone.
8:00 of 1st period - Andreas Johnsson beats up Joel Hanley.
8:00 of 1st period - Penalty to Joel Hanley for Fighting.
8:00 of 1st period - Penalty to Andreas Johnsson for Fighting.
8:01 of 1st period - Laurent Dauphin wins face-off versus Chase Wouters in Phantoms zone.
8:19 of 1st period - Dean Stewart beats up Laurent Dauphin.
8:19 of 1st period - Penalty to Laurent Dauphin for Fighting.
8:19 of 1st period - Penalty to Dean Stewart for Fighting.
8:20 of 1st period - Nathan Walker wins face-off versus Chase Wouters in neutral zone.
9:04 of 1st period - Snap shot by Sheldon Dries.
9:04 of 1st period - Shot Blocked by Kyle MacLean.
9:06 of 1st period - Slapshot by Colton White.
9:06 of 1st period - Deflect By Hudson Fasching.
9:06 of 1st period - Shot Misses the Net.
9:06 of 1st period - Puck is out of play.
9:07 of 1st period - Hudson Fasching wins face-off versus Kyle MacLean in Phantoms zone.
9:53 of 1st period - Slapshot by Brett Ritchie.
9:53 of 1st period - Stopped by Malcolm Subban without a rebound.
9:54 of 1st period - Alex Galchenyuk wins face-off versus Chase Wouters in Phantoms zone.
9:57 of 1st period - Wrist shot by Max Pacioretty.
9:57 of 1st period - Shot Misses the Net.
10:39 of 1st period - Snap shot by Joel Kiviranta.
10:39 of 1st period - Stopped by Malcolm Subban with a rebound.
10:41 of 1st period - Snap shot by Sheldon Dries.
10:41 of 1st period - Shot Blocked by Riley Barber.
10:43 of 1st period - Snap shot by Joel Kiviranta.
10:43 of 1st period - Shot Blocked by Frank Hora.
10:45 of 1st period - Wrist shot by Sheldon Dries.
10:45 of 1st period - Shot Blocked by Frank Hora.
13:46 of 1st period - Icing by Laurent Dauphin.
13:47 of 1st period - Peter Abbandonato wins face-off versus Laurent Dauphin in Checkers 2 zone.
13:56 of 1st period - Hudson Fasching is hit by Riley Barber and loses puck.
14:07 of 1st period - Wrist shot by Sheldon Dries.
14:07 of 1st period - Shot Blocked by Layton Ahac.
14:09 of 1st period - Slapshot by Joel Hanley.
14:09 of 1st period - Deflect By Joel Kiviranta.
14:09 of 1st period - Stopped by Malcolm Subban without a rebound.
14:10 of 1st period - Kyle MacLean wins face-off versus Sheldon Dries in Phantoms zone.
14:33 of 1st period - Wrist shot by Laurent Dauphin.
14:33 of 1st period - Stopped by Malcolm Subban without a rebound.
14:34 of 1st period - Chase Wouters wins face-off versus Laurent Dauphin in Phantoms zone.
14:45 of 1st period - Wrist shot by Chase Wouters.
14:45 of 1st period - Goal by Chase Wouters - Phantoms : 1 - Checkers 2 : 0.
14:46 of 1st period - Sheldon Dries wins face-off versus Peter Abbandonato in neutral zone.
15:20 of 1st period - Snap shot by Chase Wouters.
15:20 of 1st period - Shot Misses the Net.
15:26 of 1st period - Minor Penalty to Cale Fleury for Hooking.
15:27 of 1st period - Chase Wouters wins face-off versus Sheldon Dries in Checkers 2 zone.
15:32 of 1st period - Wrist shot by Riley Barber.
15:32 of 1st period - Deflect By Conor Timmins.
15:32 of 1st period - Stopped by David Rittich with a rebound.
15:34 of 1st period - Slapshot by Wyatte Wylie.
15:34 of 1st period - Stopped by David Rittich with a rebound.
15:36 of 1st period - Snap shot by Andreas Johnsson.
15:36 of 1st period - Deflect By Riley Barber.
15:36 of 1st period - Shot Blocked by Conor Timmins.
15:36 of 1st period - Puck is out of play.
15:37 of 1st period - Sheldon Dries wins face-off versus Chase Wouters in Checkers 2 zone.
16:06 of 1st period - Snap shot by Chase Wouters.
16:06 of 1st period - Stopped by David Rittich with a rebound.
16:08 of 1st period - Slapshot by Andreas Johnsson.
16:08 of 1st period - Shot Misses the Net.
16:35 of 1st period - Snap shot by Riley Barber.
16:35 of 1st period - Stopped by David Rittich with a rebound.
16:37 of 1st period - Slapshot by Riley Barber.
16:37 of 1st period - Stopped by David Rittich without a rebound.
16:38 of 1st period - Parker Kelly wins face-off versus Peter Abbandonato in Checkers 2 zone.
16:47 of 1st period - Peter Abbandonato is hit by Parker Kelly and loses puck.
16:55 of 1st period - Icing by Garrett Wilson.
16:56 of 1st period - Sheldon Dries wins face-off versus Peter Abbandonato in Phantoms zone.
16:57 of 1st period - Snap shot by Joel Kiviranta.
16:57 of 1st period - Deflect By Sheldon Dries.
16:57 of 1st period - Shot Misses the Net.
16:57 of 1st period - Puck is out of play.
16:58 of 1st period - Sheldon Dries wins face-off versus Peter Abbandonato in Phantoms zone.
16:59 of 1st period - Wrist shot by Joel Kiviranta.
16:59 of 1st period - Stopped by Malcolm Subban with a rebound.
17:07 of 1st period - Slapshot by Peter Abbandonato.
17:07 of 1st period - Stopped by David Rittich with a rebound.
17:23 of 1st period - Parker Kelly is hit by Chase Wouters and loses puck.
17:26 of 1st period - Penalty to Cale Fleury is over, Cale Fleury is back on ice.
17:42 of 1st period - Parker Kelly is hit by Cole Koepke and loses puck.
18:27 of 1st period - Wrist shot by Joel Kiviranta.
18:27 of 1st period - Stopped by Malcolm Subban with a rebound.
Goals for this period are 1 for Phantoms vs 0 for Checkers 2.
Shots for this period are 10 for Phantoms vs 8 for Checkers 2.

2nd period


0:01 of 2nd period - Laurent Dauphin wins face-off versus Chase Wouters in neutral zone.
0:06 of 2nd period - Dean Stewart is hit by Max Pacioretty and loses puck.
0:40 of 2nd period - Wrist shot by Laurent Dauphin.
0:40 of 2nd period - Shot Misses the Net.
0:42 of 2nd period - Slapshot by Joel Hanley.
0:42 of 2nd period - Shot Blocked by Chase Wouters.
0:44 of 2nd period - Slapshot by Joel Hanley.
0:44 of 2nd period - Stopped by Malcolm Subban without a rebound.
0:45 of 2nd period - Joel Kiviranta wins face-off versus Peter Abbandonato in Phantoms zone.
0:59 of 2nd period - Minor Penalty to Layton Ahac for Interference.
1:00 of 2nd period - Laurent Dauphin wins face-off versus Andreas Johnsson in Phantoms zone.
1:00 of 2nd period - Snap shot by Max Pacioretty.
1:00 of 2nd period - Stopped by Malcolm Subban without a rebound.
1:01 of 2nd period - Andreas Johnsson wins face-off versus Laurent Dauphin in Phantoms zone.
1:01 of 2nd period - Andreas Johnsson is hit by Max Pacioretty.
1:13 of 2nd period - Snap shot by Andreas Johnsson.
1:13 of 2nd period - Shot Blocked by Colton White.
1:15 of 2nd period - Wrist shot by Andreas Johnsson.
1:15 of 2nd period - Shot Misses the Net.
2:59 of 2nd period - Penalty to Layton Ahac is over, Layton Ahac is back on ice.
4:01 of 2nd period - Off-side.
4:02 of 2nd period - Parker Kelly wins face-off versus Kyle MacLean in neutral zone.
4:56 of 2nd period - Wrist shot by Peter Abbandonato.
4:56 of 2nd period - Stopped by David Rittich without a rebound.
4:57 of 2nd period - Sheldon Dries wins face-off versus Chase Wouters in Checkers 2 zone.
5:06 of 2nd period - Joel Kiviranta is hit by Riley Barber and loses puck.
5:31 of 2nd period - Slapshot by Max Pacioretty.
5:31 of 2nd period - Deflect By Kyle MacLean.
5:31 of 2nd period - Shot Misses the Net.
5:31 of 2nd period - Puck is out of play.
5:32 of 2nd period - Chase Wouters wins face-off versus Laurent Dauphin in Phantoms zone.
5:32 of 2nd period - Chase Wouters is hit by Conor Timmins.
5:38 of 2nd period - Snap shot by Wyatte Wylie.
5:38 of 2nd period - Shot Blocked by Cale Fleury.
5:46 of 2nd period - Wrist shot by Max Pacioretty.
5:46 of 2nd period - Stopped by Malcolm Subban without a rebound.
5:47 of 2nd period - Tuukka Tieksola wins face-off versus Sheldon Dries in Phantoms zone.
5:58 of 2nd period - Snap shot by Joel Kiviranta.
5:58 of 2nd period - Shot Blocked by Garrett Wilson.
6:00 of 2nd period - Slapshot by Conor Timmins.
6:00 of 2nd period - Stopped by Malcolm Subban without a rebound.
6:01 of 2nd period - Laurent Dauphin wins face-off versus Chase Wouters in Phantoms zone.
6:12 of 2nd period - Wyatte Wylie is hit by Laurent Dauphin and loses puck.
7:26 of 2nd period - Peter Abbandonato is hit by Alex Belzile and loses puck.
8:14 of 2nd period - Chase Wouters is hit by Brett Ritchie and loses puck.
8:29 of 2nd period - Wrist shot by Riley Barber.
8:29 of 2nd period - Shot Misses the Net.
8:41 of 2nd period - Snap shot by Riley Barber.
8:41 of 2nd period - Stopped by David Rittich with a rebound.
8:43 of 2nd period - Snap shot by Andreas Johnsson.
8:43 of 2nd period - Shot Misses the Net.
8:45 of 2nd period - Wrist shot by Layton Ahac.
8:45 of 2nd period - Stopped by David Rittich without a rebound.
8:46 of 2nd period - Laurent Dauphin wins face-off versus Peter Abbandonato in Checkers 2 zone.
8:51 of 2nd period - Peter Abbandonato is hit by Brett Ritchie and loses puck.
9:08 of 2nd period - Minor Penalty to Tuukka Tieksola for Cross-checking.
9:09 of 2nd period - Laurent Dauphin wins face-off versus Andreas Johnsson in Phantoms zone.
9:12 of 2nd period - Snap shot by Laurent Dauphin.
9:12 of 2nd period - Goal by Laurent Dauphin - Phantoms : 1 - Checkers 2 : 1.
9:13 of 2nd period - Chase Wouters wins face-off versus Laurent Dauphin in neutral zone.
9:18 of 2nd period - Slapshot by Dean Stewart.
9:18 of 2nd period - Stopped by David Rittich with a rebound.
10:05 of 2nd period - Cole Koepke is hit by Wayne Simmonds and loses puck.
10:12 of 2nd period - Wrist shot by Cole Reinhardt.
10:12 of 2nd period - Shot Blocked by Conor Timmins.
10:14 of 2nd period - Wrist shot by Cole Reinhardt.
10:14 of 2nd period - Stopped by David Rittich without a rebound.
10:15 of 2nd period - Laurent Dauphin wins face-off versus Chase Wouters in Checkers 2 zone.
10:24 of 2nd period - Snap shot by Chase Wouters.
10:24 of 2nd period - Stopped by David Rittich with a rebound.
10:52 of 2nd period - Snap shot by Nathan Walker.
10:52 of 2nd period - Shot Blocked by Peter Abbandonato.
11:06 of 2nd period - Slapshot by Cole Reinhardt.
11:06 of 2nd period - Stopped by David Rittich without a rebound.
11:07 of 2nd period - Cole Reinhardt wins face-off versus Laurent Dauphin in Checkers 2 zone.
11:27 of 2nd period - Slapshot by Dean Stewart.
11:27 of 2nd period - Stopped by David Rittich with a rebound.
14:13 of 2nd period - Off-side.
14:14 of 2nd period - Laurent Dauphin wins face-off versus Kyle MacLean in neutral zone.
14:39 of 2nd period - Wyatte Wylie is hit by Hudson Fasching and loses puck.
14:46 of 2nd period - Wrist shot by Hudson Fasching.
14:46 of 2nd period - Stopped by Malcolm Subban with a rebound.
14:48 of 2nd period - Wrist shot by Hudson Fasching.
14:48 of 2nd period - Shot Blocked by Peter Abbandonato.
15:01 of 2nd period - Off-side.
15:02 of 2nd period - Laurent Dauphin wins face-off versus Kyle MacLean in neutral zone.
15:07 of 2nd period - Snap shot by Max Pacioretty.
15:07 of 2nd period - Shot Misses the Net.
15:09 of 2nd period - Slapshot by Joel Hanley.
15:09 of 2nd period - Shot Blocked by Cole Koepke.
15:11 of 2nd period - Slapshot by Colton White.
15:11 of 2nd period - Stopped by Malcolm Subban without a rebound.
15:12 of 2nd period - Laurent Dauphin wins face-off versus Chase Wouters in Phantoms zone.
15:15 of 2nd period - Wrist shot by Max Pacioretty.
15:15 of 2nd period - Shot Misses the Net.
15:19 of 2nd period - Slapshot by Max Pacioretty.
15:19 of 2nd period - Shot Blocked by Austin Osmanski.
15:21 of 2nd period - Snap shot by Colton White.
15:21 of 2nd period - Shot Blocked by Andreas Johnsson.
15:23 of 2nd period - Snap shot by Laurent Dauphin.
15:23 of 2nd period - Stopped by Malcolm Subban with a rebound.
15:25 of 2nd period - Wrist shot by Laurent Dauphin.
15:25 of 2nd period - Shot Blocked by Riley Barber.
15:27 of 2nd period - Snap shot by Joel Hanley.
15:27 of 2nd period - Stopped by Malcolm Subban with a rebound.
15:29 of 2nd period - Slapshot by Joel Hanley.
15:29 of 2nd period - Stopped by Malcolm Subban without a rebound.
15:30 of 2nd period - Sheldon Dries wins face-off versus Peter Abbandonato in Phantoms zone.
15:39 of 2nd period - Backhand shot by Dean Stewart.
15:39 of 2nd period - Deflect By Sheldon Dries.
15:39 of 2nd period - Stopped by David Rittich with a rebound.
15:41 of 2nd period - Slapshot by Dean Stewart.
15:41 of 2nd period - Shot Misses the Net.
15:43 of 2nd period - Slapshot by Wyatte Wylie.
15:43 of 2nd period - Stopped by David Rittich without a rebound.
15:44 of 2nd period - Laurent Dauphin wins face-off versus Chase Wouters in Checkers 2 zone.
15:50 of 2nd period - Minor Penalty to Dean Stewart for Slashing.
15:51 of 2nd period - Laurent Dauphin wins face-off versus Andreas Johnsson in Phantoms zone.
15:57 of 2nd period - Snap shot by Brett Ritchie.
15:57 of 2nd period - Shot Blocked by Wyatte Wylie.
15:59 of 2nd period - Snap shot by Brett Ritchie.
15:59 of 2nd period - Stopped by Malcolm Subban without a rebound.
16:00 of 2nd period - Laurent Dauphin wins face-off versus Andreas Johnsson in Phantoms zone.
16:09 of 2nd period - Snap shot by Laurent Dauphin.
16:09 of 2nd period - Stopped by Malcolm Subban without a rebound.
16:10 of 2nd period - Laurent Dauphin wins face-off versus Andreas Johnsson in Phantoms zone.
16:19 of 2nd period - Wrist shot by Brett Ritchie.
16:19 of 2nd period - Stopped by Malcolm Subban without a rebound.
16:20 of 2nd period - Laurent Dauphin wins face-off versus Andreas Johnsson in Phantoms zone.
16:25 of 2nd period - Wrist shot by Laurent Dauphin.
16:25 of 2nd period - Stopped by Malcolm Subban with a rebound.
16:37 of 2nd period - Garrett Wilson is hit by Laurent Dauphin and loses puck.
16:56 of 2nd period - Wrist shot by Max Pacioretty.
16:56 of 2nd period - Stopped by Malcolm Subban with a rebound.
17:28 of 2nd period - Snap shot by Brett Ritchie.
17:28 of 2nd period - Shot Hit the Post.
17:30 of 2nd period - Slapshot by Brett Ritchie.
17:30 of 2nd period - Goal by Brett Ritchie - Phantoms : 1 - Checkers 2 : 2.
17:31 of 2nd period - Kyle MacLean wins face-off versus Sheldon Dries in neutral zone.
17:40 of 2nd period - Wrist shot by Nathan Walker.
17:40 of 2nd period - Stopped by Malcolm Subban without a rebound.
17:41 of 2nd period - Kyle MacLean wins face-off versus Sheldon Dries in Phantoms zone.
17:55 of 2nd period - Wrist shot by Cole Koepke.
17:55 of 2nd period - Stopped by David Rittich with a rebound.
17:57 of 2nd period - Snap shot by Cole Reinhardt.
17:57 of 2nd period - Stopped by David Rittich with a rebound.
18:19 of 2nd period - Slapshot by Cole Reinhardt.
18:19 of 2nd period - Stopped by David Rittich with a rebound.
18:21 of 2nd period - Slapshot by Frank Hora.
18:21 of 2nd period - Stopped by David Rittich without a rebound.
18:21 of 2nd period - Minor Penalty to David Rittich for Delaying the game.
18:22 of 2nd period - Chase Wouters wins face-off versus Parker Kelly in Checkers 2 zone.
18:32 of 2nd period - Wrist shot by Andreas Johnsson.
18:32 of 2nd period - Shot Blocked by Joel Hanley.
18:38 of 2nd period - Wrist shot by Riley Barber.
18:38 of 2nd period - Shot Blocked by Joel Hanley.
18:52 of 2nd period - Slapshot by Dean Stewart.
18:52 of 2nd period - Shot Misses the Net.
19:02 of 2nd period - Peter Abbandonato is hit by Parker Kelly and loses puck.
Goals for this period are 0 for Phantoms vs 2 for Checkers 2.
Shots for this period are 14 for Phantoms vs 17 for Checkers 2.

3rd period


0:01 of 3rd period - Sheldon Dries wins face-off versus Riley Barber in neutral zone.
0:21 of 3rd period - Penalty to Nathan Walker is over, Nathan Walker is back on ice.
0:39 of 3rd period - Wyatte Wylie is hit by Sheldon Dries and loses puck.
1:28 of 3rd period - Snap shot by Hudson Fasching.
1:28 of 3rd period - Shot Misses the Net.
1:48 of 3rd period - Cole Reinhardt is hit by Wayne Simmonds.
1:51 of 3rd period - Off-side.
1:52 of 3rd period - Laurent Dauphin wins face-off versus Kyle MacLean in neutral zone.
2:16 of 3rd period - Slapshot by Dean Stewart.
2:16 of 3rd period - Stopped by David Rittich without a rebound.
2:17 of 3rd period - Sheldon Dries wins face-off versus Chase Wouters in Checkers 2 zone.
2:33 of 3rd period - Minor Penalty to Joel Kiviranta for Hooking.
2:34 of 3rd period - Parker Kelly wins face-off versus Chase Wouters in Checkers 2 zone.
3:18 of 3rd period - Garrett Wilson is hit by Sheldon Dries and loses puck.
4:12 of 3rd period - Wyatte Wylie is hit by Parker Kelly and loses puck.
4:33 of 3rd period - Penalty to Joel Kiviranta is over, Joel Kiviranta is back on ice.
4:37 of 3rd period - Wrist shot by Laurent Dauphin.
4:37 of 3rd period - Stopped by Malcolm Subban with a rebound.
5:05 of 3rd period - Slapshot by Parker Kelly.
5:05 of 3rd period - Stopped by Malcolm Subban without a rebound.
5:06 of 3rd period - Laurent Dauphin wins face-off versus Chase Wouters in Phantoms zone.
5:07 of 3rd period - Snap shot by Brett Ritchie.
5:07 of 3rd period - Stopped by Malcolm Subban with a rebound.
5:42 of 3rd period - Wrist shot by Sheldon Dries.
5:42 of 3rd period - Shot Blocked by Steven Santini.
6:26 of 3rd period - Dean Stewart is hit by Sheldon Dries and loses puck.
9:30 of 3rd period - Icing by Laurent Dauphin.
9:31 of 3rd period - Sheldon Dries wins face-off versus Peter Abbandonato in Checkers 2 zone.
10:15 of 3rd period - Wrist shot by Parker Kelly.
10:15 of 3rd period - Shot Blocked by Austin Osmanski.
10:17 of 3rd period - Slapshot by Hudson Fasching.
10:17 of 3rd period - Goal by Hudson Fasching - Phantoms : 1 - Checkers 2 : 3.
10:18 of 3rd period - Laurent Dauphin wins face-off versus Chase Wouters in neutral zone.
10:49 of 3rd period - Snap shot by Wayne Simmonds.
10:49 of 3rd period - Shot Misses the Net.
10:51 of 3rd period - Slapshot by Cale Fleury.
10:51 of 3rd period - Stopped by Malcolm Subban without a rebound.
10:52 of 3rd period - Peter Abbandonato wins face-off versus Parker Kelly in Phantoms zone.
11:56 of 3rd period - Icing by Conor Timmins.
11:57 of 3rd period - Laurent Dauphin wins face-off versus Peter Abbandonato in Checkers 2 zone.
12:24 of 3rd period - Joel Kiviranta is hit by Andreas Johnsson and loses puck.
12:52 of 3rd period - Slapshot by Kyle MacLean.
12:52 of 3rd period - Shot Misses the Net.
13:47 of 3rd period - Chase Wouters is hit by Laurent Dauphin and loses puck.
15:40 of 3rd period - Sheldon Dries is hit by Kyle MacLean and loses puck.
16:08 of 3rd period - Icing by Wayne Simmonds.
16:09 of 3rd period - Curtis Douglas wins face-off versus Alex Galchenyuk in Checkers 2 zone.
17:04 of 3rd period - Kyle MacLean is hit by Scott Harrington and loses puck.
18:25 of 3rd period - Wrist shot by Cole Koepke.
18:25 of 3rd period - Stopped by David Rittich without a rebound.
18:26 of 3rd period - Laurent Dauphin wins face-off versus Cole Reinhardt in Checkers 2 zone.
19:34 of 3rd period - Alex Galchenyuk is hit by Wyatte Wylie and loses puck.
Goals for this period are 0 for Phantoms vs 1 for Checkers 2.
Shots for this period are 2 for Phantoms vs 5 for Checkers 2.